 Dungeon Crawl Stone Soup version 0.23.2-1-ga50397a6bc (webtiles) character file.

Game seed: 15233386777448105905

748 ApatheticPlayer the Carver (level 7, -7/85 HPs)
             Began as a Minotaur Berserker on May 17, 2019.
             Was a Priest of Trog.
             Mangled by an orc priest
             ... wielding a +2 short sword of electrocution
              (15 damage)
             ... on level 6 of the Dungeon.
             The game lasted 00:26:36 (4025 turns).

ApatheticPlayer the Carver (Minotaur Berserker)     Turns: 4025, Time: 00:26:36

Health: -7/85      AC: 23    Str: 28    XL:     7   Next: 48%
Magic:  6/6        EV:  2    Int:  4    God:    Trog [***...]
Gold:   279        SH:  0    Dex: 10    Spells: 6/6 levels left

rFire    . . .     SeeInvis .   a - +0 falchion
rCold    + . .     Gourm    .   (no shield)
rNeg     + + +     Faith    .   (armour currently unavailable)
rPois    +         Spirit   .   (helmet currently unavailable)
rElec    .         Reflect  .   (cloak currently unavailable)
rCorr    .         Harm     .   (gloves currently unavailable)
MR       .....     NoTele   +   (boots currently unavailable)
Stlth    ..........             z - amulet of rage
HPRegen  0.24/turn              t - ring of attention (curse)
MPRegen  0.10/turn              w - ring of protection from cold

@: confused, mighty, tree-form
A: (retaliatory headbutt)
a: Berserk, Trog's Hand, Renounce Religion, Evoke Berserk Rage


You were on level 6 of the Dungeon.
You worshipped Trog.
Trog was most pleased with you.
You were not hungry.
You were a tree.
You visited 1 branch of the dungeon, and saw 5 of its levels.
You also visited: Sewer.

You collected 279 gold pieces.

Inventory:

Hand Weapons
 a - a +0 falchion (weapon)
 i - a +0 antimagic spear
 u - a +4 battleaxe
Missiles
 e - 65 bolts
 f - 144 arrows
Armour
 b - a +0 animal skin
 x - a +0 ring mail (melded)
Jewellery
 d - an uncursed ring of ice
 t - a cursed ring of attention (left branch)
 w - a ring of protection from cold (right branch)
 z - an amulet of rage (around neck)
Scrolls
 j - a scroll of remove curse {unknown}
 l - a scroll of enchant armour {unknown}
 m - a scroll of immolation {unknown}
 o - 5 scrolls of identify
 r - a scroll of teleportation
 s - a scroll of fear
 v - a scroll of amnesia {unknown}
 y - a scroll of enchant weapon {unknown}
Potions
 g - a potion of cancellation
Comestibles
 c - 8 rations
 k - 11 chunks of flesh


   Skills:
 - Level 3.6 Fighting
 * Level 10.5 Long Blades
 - Level 2.4 Armour
 - Level 2.1 Dodging


You had 6 spell levels left.
You didn't know any spells.
Your spell library was empty.

Dungeon Overview and Level Annotations

Branches:
Dungeon (4/15)
 Temple: D:4-7

Altars:
Kikubaaqudgha


Innate Abilities, Weirdness & Mutations

((You reflexively headbutt those who attack you in melee.))
((You have a pair of horns on your head.))


Message History

You feel invigorated.
The orc priest hits you but does no damage.
It was a potion of might.
You feel very mighty all of a sudden.
The howler monkey hoots and howls with incredible vigour!
The orc priest hits you but does no damage.
An electric eel comes into view.
You hear a shout!
You cannot move. (Use ctrl+direction or * direction to attack without moving.)
You cannot move. (Use ctrl+direction or * direction to attack without moving.)
You swing at nothing.
The orc priest hits you but does no damage.
You are electrocuted!
* * * LOW HITPOINT WARNING * * *
You're too confused!
You're too confused!
You swing at nothing.
The orc priest hits you but does no damage.
You are electrocuted!
You die...

#..((.#
#####..(####
.........(.#
≈≈≈≈.≈≈≈≈≈(#
###≈.≈###≈(#
#≈.≈ #≈.#
###≈.≈###≈)#
≈≈≈≈.≈≈≈≈≈)#
......hoo♣.#
≈≈≈≈.≈≈≈≈≈.#
###≈.≈###≈.#
#≈.≈ #≈.#
#≈. #≈.#
≈≈≈. ≈≈.#
.... ...#
≈≈≈; ≈;..


You could see a howler monkey, an electric eel, an orc priest and an orc.

Vanquished Creatures
  3 ogres
  A centaur (D:6)
  4 wights (D:6)
  Jessica (D:3)
  An orc wizard (D:6)
  A worker ant (D:4)
  3 adders
  A river rat (D:3)
  7 oozes
  7 worms
  A dart slug (D:1)
  2 leopard geckos
  6 orcs
  8 ball pythons
  4 giant cockroaches
  2 hobgoblins
  11 jackals
  2 quokkas (D:2)
  9 bats
  6 frilled lizards
  9 goblins
  6 kobolds
  5 rats
100 creatures vanquished.

Vanquished Creatures (others)
  A plant (D:1)
1 creature vanquished.

Grand Total: 101 creatures vanquished

Notes
Turn   | Place    | Note
-------+----------+-------------------------------------------
     0 | D:1      | ApatheticPlayer the Minotaur Berserker began the quest for
                  | the Orb.
     0 | D:1      | Reached XP level 1. HP: 19/19 MP: 0/0
   121 | D:1      | Reached skill level 4 in Long Blades
   417 | D:1      | Reached XP level 2. HP: 26/26 MP: 1/1
  1380 | D:2      | Reached skill level 5 in Long Blades
  1380 | D:2      | Reached XP level 3. HP: 23/31 MP: 2/2
  1990 | D:2      | Reached ** piety under Trog
  2342 | D:2      | Reached skill level 6 in Long Blades
  2342 | D:2      | Reached XP level 4. HP: 33/39 MP: 3/3
  2447 | D:3      | Found a glowing drain.
  2480 | Sewer    | Entered a sewer
  2744 | Sewer    | Reached XP level 5. HP: 25/45 MP: 4/4
  2929 | Sewer    | Reached skill level 7 in Long Blades
  3167 | D:3      | Noticed Jessica
  3187 | D:3      | Killed Jessica
  3193 | D:3      | Found an ancient bone altar of Kikubaaqudgha.
  3338 | D:3      | Reached *** piety under Trog
  3612 | D:4      | Noticed an ogre
  3613 | D:4      | Noticed an ogre
  3618 | D:4      | Killed an ogre
  3618 | D:4      | Reached skill level 8 in Long Blades
  3618 | D:4      | Reached XP level 6. HP: 19/51 MP: 5/5
  3661 | D:4      | You fall through a shaft for 2 floors!
  3662 | D:6      | Reached skill level 9 in Long Blades
  3675 | D:6      | Reached XP level 7. HP: 40/57 MP: 6/6
  3816 | D:6      | Reached skill level 10 in Long Blades
  4019 | D:6      | HP: 4/85 [orc priest/+2 short sword of electrocution (10)]
  4024 | D:6      | HP: 4/85 [orc priest/+2 short sword of electrocution (13)]
  4025 | D:6      | Mangled by an orc priest

Skill      XL: |  1  2  3  4  5  6  7 |
---------------+----------------------+-----
Long Blades    | 4 5 6 8 9 10 | 10.5
Fighting       | |  3.6
Armour         | |  2.4
Dodging        | |  2.1

Action                   |  1- 3 |  4- 6 |  7- 9 || total
-------------------------+-------+-------+-------++-------
Melee: Falchion          |    94 |   114 |    27 ||   235
       Headbutt          |    11 |    29 |     4 ||    44
Invok: Berserk           |       |     1 |       ||     1
  Use: Scroll            |     2 |     2 |       ||     4
       Potion            |     2 |     1 |     4 ||     7
 Stab: Sleeping          |       |     1 |       ||     1
  Eat: Chunk             |     4 |     3 |     1 ||     8
       Ration            |       |     1 |       ||     1
Armor: Animal skin       |    14 |    12 |       ||    26
       Ring mail         |       |     9 |     4 ||    13
       Skin              |       |       |     7 ||     7
Dodge: Dodged            |    46 |    59 |    10 ||   115
       Rpst.: Falchion   |     9 |    16 |       ||    25
